[Event "ICCopen2017"]
[Site "Internet Chess Club"]
[Date "2017.04.02"]
[Round "3"]
[White "TheDonald"]
[Black "JayMarcel"]
[Result "1-0"]
[ICCResult "Black resigns"]
[WhiteElo "2154"]
[BlackElo "1713"]
[Opening "Sicilian: Grand Prix attack"]
[ECO "B23"]
[NIC "SI.44"]
[Time "19:29:16"]
[TimeControl "180+0"]

1. e4 c5 2. Nc3 Nc6 3. f4 d6 4. Nf3 Nf6 5. Bc4 e6 6. d3 d5 7. Bb5 a6 8.
Bxc6+ bxc6 9. O-O Be7 10. Bd2 O-O 11. Qe2 a5 12. a4 Ba6 13. Rae1 Nd7 14. Ne5
Qc7 15. Nxd7 Qxd7 16. f5 Rab8 17. b3 Bf6 18. e5 Bd8 19. f6 gxf6 20. exf6 Kh8
21. Bh6 Rg8 22. Bg7+ Rxg7 23. fxg7+ Kxg7 24. Qe5+ {Black resigns} 1-0

[Event "ICCopen2017"]
[Site "Internet Chess Club"]
[Date "2017.04.02"]
[Round "3"]
[White "MATEPROOF"]
[Black "BirchRun"]
[Result "1-0"]
[ICCResult "Black resigns"]
[WhiteElo "1996"]
[BlackElo "1611"]
[Opening "King's Indian: orthodox, Aronin-Taimanov, bayonet attack"]
[ECO "E97"]
[NIC "KI.05"]
[Time "19:28:55"]
[TimeControl "180+0"]

1. Nf3 Nf6 2. c4 g6 3. Nc3 Bg7 4. e4 O-O 5. d4 d6 6. Be2 e5 7. O-O Nc6 8. d5
Ne7 9. b4 Nd7 10. Ba3 a5 11. bxa5 Rxa5 12. Bb4 Ra8 13. a4 b6 14. a5 Nc5 15.
axb6 cxb6 16. Rxa8 f5 17. Ng5 fxe4 18. Bxc5 bxc5 19. Ne6 Bxe6 20. Rxd8 Rxd8
21. dxe6 Rb8 22. Nxe4 Rb6 23. Nxd6 {Black resigns} 1-0

[Event "ICCopen2017"]
[Site "Internet Chess Club"]
[Date "2017.04.02"]
[Round "3"]
[White "BronStorm"]
[Black "kwameh72"]
[Result "1-0"]
[ICCResult "Black resigns"]
[WhiteElo "1932"]
[BlackElo "1538"]
[Opening "Scandinavian (center counter) defense"]
[ECO "B01"]
[NIC "SD.02"]
[Time "19:29:41"]
[TimeControl "180+0"]

1. e4 d5 2. exd5 Qxd5 3. Nc3 Qd8 4. d4 Nf6 5. Bc4 c6 6. Nf3 Bg4 7. Bxf7+
Kxf7 8. Ne5+ Kg8 9. Nxg4 Nxg4 10. Qxg4 Qd6 11. Bf4 Qf6 12. Be5 Qf7 13. O-O-O
Nd7 14. Qxd7 {Black resigns} 1-0

[Event "ICCopen2017"]
[Site "Internet Chess Club"]
[Date "2017.04.02"]
[Round "3"]
[White "croder"]
[Black "eltigrecu"]
[Result "0-1"]
[ICCResult "White resigns"]
[WhiteElo "1589"]
[BlackElo "1929"]
[Opening "Sicilian: closed, 2...Nc6"]
[ECO "B23"]
[NIC "SI.44"]
[Time "19:28:12"]
[TimeControl "180+0"]

1. e4 c5 2. Nc3 Nc6 3. d3 e5 4. Nf3 d6 5. Be3 Be7 6. Qd2 Nf6 7. O-O-O Nd4 8.
Kb1 Bg4 9. Be2 Qa5 10. h3 Be6 11. b3 b5 12. Nd5 Qxd2 13. Rxd2 Nxd5 14. exd5
Bxd5 15. Bxd4 cxd4 16. Ne1 a5 17. f3 a4 18. Rf1 axb3 19. cxb3 O-O 20. Nc2
Bg5 21. Rdd1 Rfc8 22. Nb4 Be6 23. Rh1 Rc3 24. Kb2 Rac8 25. h4 Be3 26. g4 f6
27. Rh2 Bf4 28. Rg2 g5 29. hxg5 fxg5 30. Rgg1 Kg7 31. Rh1 R8c7 32. Rh5 Bc1+
33. Kb1 Ba3 34. Na6 Rc1+ {White resigns} 0-1

[Event "ICCopen2017"]
[Site "Internet Chess Club"]
[Date "2017.04.02"]
[Round "3"]
[White "oli2"]
[Black "rencoroso"]
[Result "1-0"]
[ICCResult "Black resigns"]
[WhiteElo "1697"]
[BlackElo "1982"]
[Opening "Sicilian: dragon, Yugoslav attack, 10.O-O-O"]
[ECO "B78"]
[NIC "SI.18"]
[Time "19:28:34"]
[TimeControl "180+0"]

1. e4 c5 2. Nf3 d6 3. d4 cxd4 4. Nxd4 Nf6 5. Nc3 g6 6. Be3 Bg7 7. f3 O-O 8.
Qd2 Nc6 9. Bc4 Bd7 10. O-O-O Rc8 11. Bb3 Nxd4 12. Bxd4 b5 13. h4 a5 14. a3
b4 15. axb4 axb4 16. Nd5 Nxd5 17. Bxg7 Kxg7 18. exd5 Qa5 19. Qd4+ Kg8 20. h5
Bf5 21. hxg6 fxg6 22. Kd2 Bxc2 23. Ra1 Qc5 24. Qxc5 Rxc5 25. Bxc2 Rxd5+ 26.
Ke3 Rc8 27. Bb3 e6 28. Bxd5 exd5 29. Ra7 h5 30. Kf4 Rc2 31. Re1 Kf8 32. Kg5
Rxg2+ 33. Kf6 {Black resigns} 1-0

[Event "ICCopen2017"]
[Site "Internet Chess Club"]
[Date "2017.04.02"]
[Round "3"]
[White "ROWLAND"]
[Black "Ataraxia"]
[Result "0-1"]
[ICCResult "White resigns"]
[WhiteElo "1506"]
[BlackElo "1903"]
[Opening "QP counter-gambit (elephant gambit)"]
[ECO "C40"]
[NIC "KP.10"]
[Time "19:29:19"]
[TimeControl "180+0"]

1. e4 e5 2. Nf3 d5 3. d4 dxe4 4. Nxe5 Be6 5. Bc4 Nd7 6. Bxe6 Nxe5 7. Qh5
Qxd4 8. O-O g6 9. Bxf7+ Nxf7 10. Qb5+ c6 11. Qxb7 Rd8 12. Qxc6+ Rd7 13. Qc8+
Nd8 14. Bg5 Be7 15. Bxe7 Nxe7 16. Nc3 Nxc8 {White resigns} 0-1

[Event "ICCopen2017"]
[Site "Internet Chess Club"]
[Date "2017.04.02"]
[Round "3"]
[White "Ricardov"]
[Black "charlestehace"]
[Result "0-1"]
[ICCResult "White resigns"]
[WhiteElo "2272"]
[BlackElo "2850"]
[Opening "Caro-Kann: closed (Breyer) variation"]
[ECO "B10"]
[NIC "CK.01"]
[Time "19:29:21"]
[TimeControl "180+0"]

1. e4 c6 2. d3 d5 3. Nd2 e5 4. Ngf3 Bd6 5. c3 Nf6 6. Be2 O-O 7. O-O Re8 8.
Re1 Nbd7 9. Qc2 Bc7 10. Nf1 Nf8 11. Ng3 a5 12. a4 Ng6 13. h3 h6 14. Nh2 Nf4
15. Bxf4 exf4 16. Ngf1 dxe4 17. dxe4 Nxe4 18. Rad1 Nd6 19. Bg4 Rxe1 20. Rxe1
Bxg4 21. Nxg4 Qd7 22. Ne5 Qf5 23. Qb3 Re8 24. Nf3 Rxe1 25. Nxe1 g5 26. Nd2
Kg7 27. Nc4 Qd5 {White resigns} 0-1

[Event "ICCopen2017"]
[Site "Internet Chess Club"]
[Date "2017.04.02"]
[Round "3"]
[White "JUGGERNOT"]
[Black "blackjack721"]
[Result "0-1"]
[ICCResult "White checkmated"]
[WhiteElo "1662"]
[BlackElo "1330"]
[Opening "Bird's opening"]
[ECO "A02"]
[NIC "VO.07"]
[Time "19:28:51"]
[TimeControl "180+0"]

1. f4 e6 2. Nf3 d5 3. e3 Be7 4. Be2 h5 5. O-O h4 6. h3 Bd7 7. Nc3 c6 8. d3
Qc8 9. Qe1 e5 10. fxe5 Bxh3 11. gxh3 Qxh3 12. Qf2 Rh6 13. Nh2 Rg6+ 14. Bg4
Nh6 15. Qxf7+ Nxf7 16. Rf4 Qg3+ 17. Kh1 h3 18. Bxh3 Qg1# {White checkmated}
0-1

[Event "ICCopen2017"]
[Site "Internet Chess Club"]
[Date "2017.04.02"]
[Round "3"]
[White "blunderville"]
[Black "krankenstein"]
[Result "1-0"]
[ICCResult "Black resigns"]
[WhiteElo "1525"]
[BlackElo "1209"]
[Opening "Petrov: Italian variation"]
[ECO "C24"]
[NIC "IG.04"]
[Time "19:28:40"]
[TimeControl "180+0"]

1. e4 e5 2. Bc4 Nf6 3. Nf3 d6 4. Ng5 Be6 5. Bxe6 fxe6 6. Nxe6 Qe7 7. Nxf8
Rxf8 8. d3 Nc6 9. O-O h6 10. Nc3 O-O-O 11. Nd5 Nxd5 12. exd5 Nd4 13. c3 Nf5
14. Qa4 Kb8 15. b4 Qd7 16. b5 a6 17. c4 Nd4 18. Be3 axb5 19. cxb5 b6 20.
Bxd4 exd4 21. Qb4 g5 22. a4 Qf5 23. Qxd4 g4 24. a5 bxa5 25. b6 Qe5 26. bxc7+
Kxc7 27. Qa7+ Kc8 28. Rfc1+ {Black resigns} 1-0

[Event "ICCopen2017"]
[Site "Internet Chess Club"]
[Date "2017.04.02"]
[Round "3"]
[White "Chaos23"]
[Black "XR"]
[Result "1-0"]
[ICCResult "Black resigns"]
[WhiteElo "1860"]
[BlackElo "1394"]
[Opening "Benko's opening"]
[ECO "A00"]
[NIC "VO.09"]
[Time "19:29:31"]
[TimeControl "180+0"]

1. g3 d5 2. Bg2 c6 3. d3 Nf6 4. Nd2 g6 5. e4 dxe4 6. dxe4 Bg7 7. f4 Bg4 8.
Ngf3 Qd4 9. Nxd4 Bxd1 10. Kxd1 Ng4 11. e5 Nf2+ 12. Ke2 Nxh1 13. Bxh1 Nd7 14.
Ne4 Nb6 15. b3 f5 16. Nc5 Rd8 17. Nde6 Kf7 18. Nxd8+ Rxd8 19. Bb2 Rb8 20.
e6+ Kg8 21. Bxg7 Kxg7 22. c4 Kf6 23. Rd1 Nc8 24. Nd7+ {Black resigns} 1-0

[Event "ICCopen2017"]
[Site "Internet Chess Club"]
[Date "2017.04.02"]
[Round "3"]
[White "ChessOptimist"]
[Black "BeerMeUpScotty"]
[Result "1-0"]
[ICCResult "Black resigns"]
[WhiteElo "2035"]
[BlackElo "1628"]
[Opening "Bird's opening"]
[ECO "A02"]
[NIC "VO.07"]
[Time "19:28:29"]
[TimeControl "180+0"]

1. f4 c5 2. g3 d5 3. Nh3 Nc6 4. Nf2 Nf6 5. Bg2 e5 6. d3 exf4 7. gxf4 Bd6 8.
O-O Qc7 9. e3 d4 10. Ne4 Nxe4 11. dxe4 dxe3 12. Bxe3 O-O 13. e5 Be7 14. Nc3
a6 15. Nd5 Qd8 16. c3 Be6 17. Nxe7+ Nxe7 18. Bxb7 Rb8 19. Qxd8 Rfxd8 20.
Bxa6 Rxb2 21. Bxc5 Nf5 22. Rfd1 Rdd2 23. Rxd2 Rxd2 24. Bb7 Nh4 25. Bf2 Ng6
26. Bg3 Rc2 27. a4 Rxc3 28. a5 Bc4 29. a6 Bxa6 30. Bxa6 h5 31. Be2 h4 32. f5
Ne7 33. Be1 Rc2 34. Bd3 Rc5 35. Ra8+ Kh7 36. f6+ {Black resigns} 1-0

[Event "ICCopen2017"]
[Site "Internet Chess Club"]
[Date "2017.04.02"]
[Round "3"]
[White "CristianS"]
[Black "ehkopean"]
[Result "1-0"]
[ICCResult "Black checkmated"]
[WhiteElo "2082"]
[BlackElo "1645"]
[Opening "Giuoco Piano: Greco variation"]
[ECO "C54"]
[NIC "IG.02"]
[Time "19:28:39"]
[TimeControl "180+0"]

1. e4 e5 2. Nf3 Nc6 3. Bc4 Bc5 4. c3 Nf6 5. d4 exd4 6. cxd4 Bb4+ 7. Nc3 Nxe4
8. O-O Nxc3 9. bxc3 Be7 10. d5 Na5 11. Bd3 O-O 12. Re1 Bf6 13. Qc2 h6 14.
Rb1 b6 15. c4 Nb7 16. Bf4 Nc5 17. Bh7+ Kh8 18. Ne5 Bxe5 19. Bxe5 d6 20. Bd4
Qg5 21. Re3 f6 22. Rg3 Qh4 23. Qg6 Rg8 24. Bxg8 Qxg3 25. Qh7# {Black
checkmated} 1-0

[Event "ICCopen2017"]
[Site "Internet Chess Club"]
[Date "2017.04.02"]
[Round "3"]
[White "Kiketf"]
[Black "Sc6"]
[Result "1-0"]
[ICCResult "Black resigns"]
[WhiteElo "2128"]
[BlackElo "1697"]
[Opening "Queen's pawn: London system"]
[ECO "A45"]
[NIC "QP.07"]
[Time "19:28:13"]
[TimeControl "180+0"]

1. d4 Nf6 2. Bf4 g6 3. c3 Bg7 4. Nd2 d6 5. h3 Nbd7 6. e3 e5 7. Bh2 O-O 8.
Ngf3 Qe7 9. Be2 Re8 10. O-O a5 11. a4 b6 12. Nc4 Ba6 13. Re1 e4 14. Nfd2 d5
15. Na3 Bxe2 16. Rxe2 c6 17. c4 Nf8 18. Qb3 N6d7 19. Rc1 dxc4 20. Ndxc4 c5
21. Nb5 cxd4 22. exd4 Rec8 23. Rce1 Nf6 24. Ncd6 Rc6 25. Nxe4 Nxe4 26. Qd5
Rcc8 27. Rxe4 Ne6 28. Bd6 Qd7 29. Rxe6 fxe6 30. Rxe6 Kh8 31. Re7 Qf5 32.
Qxf5 gxf5 33. Bc7 Re8 34. Rxe8+ Rxe8 35. Bxb6 f4 36. Bxa5 Re4 37. Kf1 Bxd4
38. Nxd4 Rxd4 39. Bc3 {Black resigns} 1-0

[Event "ICCopen2017"]
[Site "Internet Chess Club"]
[Date "2017.04.02"]
[Round "3"]
[White "findles"]
[Black "Salvatore"]
[Result "1-0"]
[ICCResult "Black checkmated"]
[WhiteElo "1902"]
[BlackElo "1458"]
[Opening "Caro-Kann defense"]
[ECO "B12"]
[NIC "CK.01"]
[Time "19:29:17"]
[TimeControl "180+0"]

1. e4 c6 2. d4 e6 3. Nd2 d6 4. f4 g6 5. Ngf3 Bg7 6. Bd3 Ne7 7. c3 O-O 8. O-O
b6 9. Re1 Bb7 10. Nf1 Nd7 11. Qe2 e5 12. dxe5 dxe5 13. f5 f6 14. Ng3 g5 15.
h4 h6 16. Nh5 Qe8 17. g4 c5 18. Kg2 Kh7 19. Rh1 Kg8 20. Bc4+ Kh8 21. hxg5
fxg5 22. Bxg5 Bf6 23. Nxf6 Nxf6 24. Rxh6+ Kg7 25. Rxf6 Rxf6 26. Bxf6+ Kxf6
27. g5+ Kg7 28. f6+ Kg6 29. Nxe5+ Kxg5 30. Qg4+ Kxf6 31. Rf1+ Nf5 32. Qxf5+
Ke7 33. Qf6# {Black checkmated} 1-0

[Event "ICCopen2017"]
[Site "Internet Chess Club"]
[Date "2017.04.02"]
[Round "3"]
[White "drunkman31"]
[Black "RWu"]
[Result "0-1"]
[ICCResult "White checkmated"]
[WhiteElo "2115"]
[BlackElo "1740"]
[Opening "Grünfeld: modern exchange variation"]
[ECO "D85"]
[NIC "GI.04"]
[Time "19:28:08"]
[TimeControl "180+0"]

1. d4 Nf6 2. c4 g6 3. Nc3 d5 4. cxd5 Nxd5 5. e4 Nxc3 6. bxc3 Bg7 7. Nf3 c5
8. Rb1 Nc6 9. d5 Bxc3+ 10. Bd2 Bxd2+ 11. Qxd2 Nd4 12. Nxd4 cxd4 13. Bb5+ Bd7
14. Qxd4 O-O 15. O-O Bxb5 16. Rxb5 Qd7 17. Rfb1 b6 18. a4 Rac8 19. g3 Qc7
20. Kg2 Qc2 21. R1b2 Qc1 22. Rb1 Qc2 23. R5b2 Qc7 24. a5 bxa5 25. Rb7 Qc2
26. R1b2 Qc1 27. Rb1 Qc2 28. R1b2 Qc1 29. Rxa7 Rc4 30. Qe5 Rxe4 31. Qxe4
Qxb2 32. Rxe7 Qb5 33. h4 Rd8 34. Re5 a4 35. h5 a3 36. d6 Qd7 37. Rd5 a2 38.
Qd4 Qc6 39. h6 Qxd5+ 40. Qxd5 a1=Q 41. d7 Qa8 42. Qxa8 Rxa8 43. Kf3 Rd8 44.
Kf4 Rxd7 45. f3 Rd6 46. Ke5 Re6+ 47. Kf4 Kf8 48. Kg5 Ke7 49. Kf4 f6 50. g4
g5+ 51. Kf5 Re5# {White checkmated} 0-1

[Event "ICCopen2017"]
[Site "Internet Chess Club"]
[Date "2017.04.02"]
[Round "3"]
[White "simplerxiao"]
[Black "fisherino"]
[Result "1-0"]
[ICCResult "Black resigns"]
[WhiteElo "1980"]
[BlackElo "1556"]
[Opening "Sicilian"]
[ECO "B50"]
[NIC "SI.01"]
[Time "19:29:17"]
[TimeControl "180+0"]

1. e4 c5 2. Nf3 d6 3. d3 Nc6 4. g3 g6 5. Bg2 Bg7 6. O-O Bg4 7. c3 Qd7 8.
Nbd2 Bh3 9. a4 Bxg2 10. Kxg2 Nf6 11. Nc4 O-O 12. Be3 Ng4 13. Bf4 e5 14. Bg5
h6 15. Bd2 f5 16. Nh4 f4 17. f3 Ne3+ 18. Nxe3 fxe3 19. Bxe3 b6 20. Nxg6 Rf6
21. Nh4 d5 22. Nf5 Rxf5 23. exf5 Qxf5 24. f4 e4 25. dxe4 Qxe4+ 26. Qf3 Qf5
27. Rad1 d4 28. Qxc6 Re8 29. Qxe8+ {Black resigns} 1-0

[Event "ICCopen2017"]
[Site "Internet Chess Club"]
[Date "2017.04.02"]
[Round "3"]
[White "Mormegil"]
[Black "mvillalba"]
[Result "0-1"]
[ICCResult "White checkmated"]
[WhiteElo "1760"]
[BlackElo "2184"]
[Opening "King's Indian: fianchetto without c4"]
[ECO "A49"]
[NIC "QP.06"]
[Time "19:29:33"]
[TimeControl "180+0"]

1. d4 Nf6 2. Nf3 g6 3. g3 Bg7 4. Bg2 O-O 5. O-O d6 6. a4 Nbd7 7. a5 a6 8.
Nc3 Re8 9. e4 e5 10. Bg5 h6 11. Be3 exd4 12. Bxd4 Nc5 13. e5 Nh7 14. exd6
cxd6 15. Bxg7 Kxg7 16. Qd4+ Kg8 17. Rad1 Bf5 18. Ne1 Qxa5 19. Qxd6 Rad8 20.
Qf4 Rxd1 21. Nxd1 Rxe1 22. Qxh6 Rxf1+ 23. Bxf1 Qe1 24. Ne3 Ne4 25. Qf4 Nd2
26. Nxf5 Qxf1# {White checkmated} 0-1

[Event "ICCopen2017"]
[Site "Internet Chess Club"]
[Date "2017.04.02"]
[Round "3"]
[White "xvs"]
[Black "TZ700A"]
[Result "1-0"]
[ICCResult "Black resigns"]
[WhiteElo "1893"]
[BlackElo "1419"]
[Opening "Ruy Lopez: old Steinitz defense"]
[ECO "C62"]
[NIC "RL.02"]
[Time "19:28:41"]
[TimeControl "180+0"]

1. e4 e5 2. Nf3 Nc6 3. Bb5 d6 4. h3 Nf6 5. c3 Be7 6. O-O O-O 7. Re1 a6 8.
Ba4 b5 9. Bc2 b4 10. d4 exd4 11. cxd4 a5 12. Ba4 Bb7 13. Nbd2 Na7 14. Nc4 c6
15. e5 Nd5 16. exd6 Bxd6 17. Bg5 Qd7 18. Rc1 Nf4 19. Nce5 Bxe5 20. Nxe5 Qf5
21. h4 Ng6 22. Bc2 Qe6 23. Qh5 Qd5 24. Nxg6 fxg6 25. Qg4 Bc8 26. Qd1 Bf5 27.
Bb3 {Black resigns} 1-0

[Event "ICCopen2017"]
[Site "Internet Chess Club"]
[Date "2017.04.02"]
[Round "3"]
[White "DavidXanatoss"]
[Black "ziggyalbert"]
[Result "1-0"]
[ICCResult "Black checkmated"]
[WhiteElo "1560"]
[BlackElo "1262"]
[Opening "Sicilian: closed"]
[ECO "B25"]
[NIC "SI.45"]
[Time "19:30:25"]
[TimeControl "180+0"]

1. d3 c5 2. e4 Nc6 3. Nc3 g6 4. g3 Bg7 5. Bg2 d6 6. Nge2 Nd4 7. O-O Nxe2+ 8.
Nxe2 Bg4 9. h3 Be6 10. Kh2 Nf6 11. f4 O-O 12. f5 gxf5 13. exf5 Bd7 14. Bg5
h6 15. Bxf6 Bxf6 16. Nf4 Bxf5 17. Qh5 Bg5 18. h4 Bxf4 19. Rxf4 Bg6 20. Qxh6
e5 21. Rg4 Qf6 22. h5 Qf5 23. hxg6 Qxg4 24. Qh7# {Black checkmated} 1-0

[Event "ICCopen2017"]
[Site "Internet Chess Club"]
[Date "2017.04.02"]
[Round "3"]
[White "cap78red"]
[Black "MisticKnights13"]
[Result "0-1"]
[ICCResult "White checkmated"]
[WhiteElo "1262"]
[BlackElo "1544"]
[Opening "English opening"]
[ECO "A10"]
[NIC "EO.63"]
[Time "19:29:17"]
[TimeControl "180+0"]

1. c4 b6 2. Nc3 Bb7 3. e4 e6 4. d3 Bb4 5. f4 Qh4+ 6. g3 Qf6 7. Bg2 Bxc3+ 8.
bxc3 Qxc3+ 9. Bd2 Qxd3 10. Rc1 Bxe4 11. Rc3 Qd4 12. Bxe4 Qxe4+ 13. Re3 Qxh1
14. Kf1 Qxh2 15. Bc3 Nf6 16. Nf3 Qh3+ 17. Kf2 Ng4+ 18. Ke2 Qg2+ 19. Kd3 Nf2+
20. Kc2 Nxd1+ 21. Kxd1 Qxg3 22. Ke2 Qg2+ 23. Kd1 Qxa2 24. Bxg7 Rg8 25. Bf6
Rg2 26. f5 Qb1# {White checkmated} 0-1

[Event "ICCopen2017"]
[Site "Internet Chess Club"]
[Date "2017.04.02"]
[Round "3"]
[White "chigato"]
[Black "yijiqishi"]
[Result "0-1"]
[ICCResult "White resigns"]
[WhiteElo "1625"]
[BlackElo "1943"]
[Opening "QGD Slav defense"]
[ECO "D10"]
[NIC "SL.01"]
[Time "19:28:30"]
[TimeControl "180+0"]

1. d4 d5 2. c4 c6 3. e3 Nf6 4. Nc3 Bf5 5. f3 e6 6. Nge2 h6 7. Ng3 Bg6 8. Be2
Bd6 9. Nf1 Nbd7 10. Nd2 O-O 11. c5 Bc7 12. O-O e5 13. Nb3 Re8 14. Bd2 b6 15.
cxb6 axb6 16. Rc1 c5 17. Bb5 Rf8 18. dxc5 bxc5 19. Ne2 c4 20. Bxd7 Qxd7 21.
Nc5 Qe7 22. b4 Rxa2 23. Ra1 Rfa8 24. Rxa2 Rxa2 25. e4 dxe4 26. fxe4 Nxe4 27.
Nxe4 Bxe4 28. Nc3 Bb6+ 29. Kh1 Bc2 30. Qf3 Rb2 31. Qg4 Bg6 32. Bc1 Rc2 33.
Ne4 Bxe4 34. Qxe4 Qf6 35. Qa8+ Kh7 36. Qe4+ Qg6 37. Qxg6+ Kxg6 38. b5 f5 39.
h3 e4 40. Bf4 c3 41. Be5 e3 42. Re1 e2 43. Kh2 Bf2 44. Ra1 e1=Q 45. Rxe1
Bxe1 46. b6 Rb2 {White resigns} 0-1

[Event "ICCopen2017"]
[Site "Internet Chess Club"]
[Date "2017.04.02"]
[Round "3"]
[White "Montserrat"]
[Black "Capablancacom"]
[Result "1-0"]
[ICCResult "Black forfeits on time"]
[WhiteElo "1848"]
[BlackElo "1319"]
[Opening "English opening"]
[ECO "A10"]
[NIC "EO.64"]
[Time "19:28:38"]
[TimeControl "180+0"]

1. c4 g6 2. Nc3 Bg7 3. g3 e5 4. Bg2 Ne7 5. e3 d6 6. Nge2 O-O 7. O-O Nd7 8.
b3 Re8 9. Bb2 Rb8 10. d4 exd4 11. Nxd4 c5 12. Ndb5 Nf5 13. Nxd6 Nxd6 14.
Qxd6 Qa5 15. Rac1 Be5 16. Qd2 a6 17. Rfd1 Nf6 18. Nd5 Qxd2 19. Nxf6+ Bxf6
20. Rxd2 Bxb2 21. Rxb2 Be6 22. Rd2 Red8 23. Rcd1 Rxd2 24. Rxd2 b5 25. cxb5
axb5 26. Rb2 {Black forfeits on time} 1-0

[Event "ICCopen2017"]
[Site "Internet Chess Club"]
[Date "2017.04.02"]
[Round "3"]
[White "GregoryHouse"]
[Black "ComplexZeta"]
[Result "1-0"]
[ICCResult "Black resigns"]
[WhiteElo "1839"]
[BlackElo "1859"]
[Opening "French: King's Indian attack"]
[ECO "C00"]
[NIC "FR.02"]
[Time "19:28:58"]
[TimeControl "180+0"]

1. e4 e6 2. d3 d5 3. Nd2 c5 4. Ngf3 g6 5. Be2 Bg7 6. O-O Ne7 7. c3 O-O 8.
Qc2 a5 9. Re1 Ra7 10. Nf1 Nbc6 11. Ng3 b6 12. h4 Ba6 13. h5 Rd7 14. Bf4 e5
15. Be3 dxe4 16. dxe4 Bxe2 17. Qxe2 f5 18. h6 Bf6 19. exf5 Nxf5 20. Ne4 Qe7
21. Rad1 Rfd8 22. Rxd7 Rxd7 23. Qc4+ Kf8 24. Bg5 Bxg5 25. Nfxg5 Nd8 26. Qb5
Rb7 27. Rd1 Nxh6 28. Rxd8+ Qxd8 29. Ne6+ Ke7 30. Nxd8 Kxd8 31. Qc6 Rd7 32.
Qxb6+ Ke7 33. Qxc5+ Kf7 34. Qc4+ Ke7 35. f3 Nf5 36. Qc5+ Kf7 37. Qxe5 Re7
38. Qf6+ Ke8 39. Qc6+ Kf7 40. g4 {Black resigns} 1-0

[Event "ICCopen2017"]
[Site "Internet Chess Club"]
[Date "2017.04.02"]
[Round "3"]
[White "Magagna"]
[Black "Vogel"]
[Result "0-1"]
[ICCResult "White resigns"]
[WhiteElo "1748"]
[BlackElo "2167"]
[Opening "Queen's pawn game"]
[ECO "A46"]
[NIC "QP.05"]
[Time "19:29:00"]
[TimeControl "180+0"]

1. d4 Nf6 2. Nf3 e6 3. Bf4 d5 4. e3 Be7 5. c3 O-O 6. Nbd2 c5 7. Bd3 Nc6 8.
O-O b6 9. Qe2 Bb7 10. e4 dxe4 11. Nxe4 cxd4 12. cxd4 Nxd4 13. Nxd4 Qxd4 14.
Nxf6+ Bxf6 15. Rad1 Qxb2 16. Qh5 g6 17. Qh3 Rfd8 18. Rd2 Qc3 19. Rfd1 Rac8
20. Rc2 Rxd3 21. Qxd3 Qxc2 22. Qxc2 Rxc2 {White resigns} 0-1

[Event "ICCopen2017"]
[Site "Internet Chess Club"]
[Date "2017.04.02"]
[Round "3"]
[White "Shadeath"]
[Black "markovichgoran"]
[Result "0-1"]
[ICCResult "White resigns"]
[WhiteElo "2720"]
[BlackElo "2404"]
[Opening "Queen's pawn game"]
[ECO "D02"]
[NIC "QP.08"]
[Time "19:28:41"]
[TimeControl "180+0"]

1. d4 d5 2. Nf3 e6 3. Bg5 Be7 4. Bxe7 Qxe7 5. c4 Nf6 6. e3 dxc4 7. Nbd2 b5
8. a4 c6 9. axb5 cxb5 10. b3 O-O 11. bxc4 b4 12. Be2 a5 13. O-O Bb7 14. Ne5
Nbd7 15. Nxd7 Qxd7 16. f4 a4 17. Qb1 b3 18. Qb2 Ne4 19. Nf3 f6 20. Bd3 Rfb8
21. Ra3 Bc6 22. Rfa1 Nc5 23. Be2 Na6 24. h3 Nb4 25. Ne1 Kh8 26. Kh2 h6 27.
Rb1 Qf7 28. Qc3 Qg6 29. Rb2 Nc2 30. Bd3 f5 31. Bxc2 bxc2 32. Rxb8+ Rxb8 33.
Qxc2 Be4 34. Qd2 Rb1 35. Qf2 Rxe1 36. Rxa4 Rc1 37. Ra8+ Kh7 38. g4 Rc2 39.
Qxc2 Bxc2 {White resigns} 0-1

[Event "ICCopen2017"]
[Site "Internet Chess Club"]
[Date "2017.04.02"]
[Round "3"]
[White "Djukanyc"]
[Black "Kusox"]
[Result "0-1"]
[ICCResult "White resigns"]
[WhiteElo "1705"]
[BlackElo "2108"]
[Opening "Caro-Kann: Tartakower (Nimzovich) variation"]
[ECO "B15"]
[NIC "CK.06"]
[Time "19:29:48"]
[TimeControl "180+0"]

1. e4 c6 2. d4 d5 3. Nc3 dxe4 4. Nxe4 Nf6 5. Nxf6+ exf6 6. c3 Bd6 7. Nf3 O-O
8. Bd3 Bg4 9. O-O Nd7 10. h3 Bh5 11. g4 Bg6 12. Bxg6 hxg6 13. Be3 Qc7 14.
Kg2 Rfe8 15. Qc2 Bf4 16. Rfe1 Bxe3 17. fxe3 g5 18. Rad1 Nf8 19. h4 gxh4 20.
Nxh4 Qd7 21. Qf5 Re6 22. e4 g6 23. Qf4 g5 {White resigns} 0-1

[Event "ICCopen2017"]
[Site "Internet Chess Club"]
[Date "2017.04.02"]
[Round "3"]
[White "patterncircular"]
[Black "nekochabo"]
[Result "0-1"]
[ICCResult "White forfeits on time"]
[WhiteElo "2043"]
[BlackElo "2684"]
[Opening "Réti opening"]
[ECO "A05"]
[NIC "QP.11"]
[Time "19:28:44"]
[TimeControl "180+0"]

1. Nf3 Nf6 2. d3 d5 3. c3 c5 4. Bg5 Nc6 5. Nbd2 e6 6. e4 Be7 7. Be2 Nh5 8.
Bxe7 Qxe7 9. g3 O-O 10. O-O Nf6 11. e5 Nd7 12. d4 f6 13. exf6 Qxf6 14. Re1
e5 15. Bd3 e4 16. Nxe4 dxe4 17. Bxe4 Ne7 18. Qc2 Ng6 19. Bd5+ Kh8 20. Re6
Qf5 21. Qxf5 Rxf5 22. Be4 Rf8 23. Bxg6 hxg6 24. Nh4 Kh7 25. Nxg6 Rf6 26.
Rxf6 Nxf6 27. Ne5 cxd4 28. cxd4 Be6 29. Rc1 Rd8 30. Nf3 Bd5 31. Ng5+ Kg6 32.
h4 Kf5 33. Rc7 Re8 34. Kh2 Ng4+ 35. Kh3 Nxf2+ 36. Kh2 Ng4+ 37. Kh3 Re2 38.
Rf7+ Bxf7 {White forfeits on time} 0-1

[Event "ICCopen2017"]
[Site "Internet Chess Club"]
[Date "2017.04.02"]
[Round "3"]
[White "takes-takes"]
[Black "newtonpp"]
[Result "0-1"]
[ICCResult "White resigns"]
[WhiteElo "1208"]
[BlackElo "1509"]
[Opening "Van't Kruijs opening"]
[ECO "A00"]
[Time "19:29:04"]
[TimeControl "180+0"]

1. e3 d5 2. Nf3 c5 3. Be2 Nc6 4. O-O g6 5. d4 c4 6. b3 cxb3 7. cxb3 Bg7 8.
Ba3 Nf6 9. Bb5 O-O 10. Nbd2 Bf5 11. Rc1 Rc8 12. Nh4 Bg4 13. f3 Be6 14. f4 a6
15. Bd3 b5 16. Qf3 b4 17. Bb2 a5 18. f5 Bd7 19. fxg6 hxg6 20. Qg3 Nh5 21.
Qf2 Bh6 22. Be2 Ng7 23. Qg3 Qe8 24. Nxg6 fxg6 25. Qxg6 Qxg6 {White resigns}
0-1

[Event "ICCopen2017"]
[Site "Internet Chess Club"]
[Date "2017.04.02"]
[Round "3"]
[White "Saniser"]
[Black "saya"]
[Result "1/2-1/2"]
[ICCResult "White stalemated"]
[WhiteElo "2209"]
[BlackElo "2780"]
[Opening "Sicilian defense"]
[ECO "B40"]
[NIC "SI.43"]
[Time "19:28:41"]
[TimeControl "180+0"]

1. e4 c5 2. Nf3 e6 3. c3 d5 4. exd5 exd5 5. Bb5+ Nc6 6. O-O Bd6 7. d4 c4 8.
b3 cxb3 9. axb3 Ne7 10. c4 O-O 11. Nc3 dxc4 12. bxc4 Bg4 13. Be3 a6 14. Ba4
Rc8 15. Bc2 Nf5 16. h3 Bxf3 17. Qxf3 Nfxd4 18. Bxh7+ Kxh7 19. Bxd4 Nxd4 20.
Qe4+ f5 21. Qxb7 Rxc4 22. Nd5 a5 23. Ne3 Rb4 24. Qd5 f4 25. Nc4 Bc7 26. Qh5+
Kg8 27. Nxa5 f3 28. g3 Rb5 29. Qg4 Rxa5 30. Rad1 Rd5 31. Kh1 Rd6 32. Qe4 Ne2
33. Qc4+ Kh8 34. Rc1 Nxc1 35. Rxc1 Rd1+ 36. Rxd1 Qxd1+ 37. Kh2 Bxg3+ 38.
Kxg3 Qd6+ 39. Kg4 Qg6+ 40. Kh4 Qh6+ 41. Kg4 Qg6+ 42. Kh4 Rf5 43. Qg8+ Kxg8
{White stalemated}
1/2-1/2